montu, chaotic male human Wizard --------- ------------ --------------- |.....>.| |..........| |.............| ##........| |..........| |.............-###################|..)....| |..........| |.............| ####------.-- ##...........| |.............| # ########### # ------|----- ----.-----|---- ### # # ### # ######################### # ### # # # --------# # # ### ### # |.#....|#############`####### # # |......|# -+-.- # ### ### ------- # |......|# |.... # #### # |.....| # |..{....# |....|############## |.....| -------.-- #-......| |....| ### -+-.- #-.@@..| |.........#######-------- |.^..| # |<..-####|.....| |........| ------ ###|...| ------- |........| *-...| ---------- ----- montu the Evoker Experience level: 2 Strength: 9 Dexterity: 12 Constitution: 16 Intelligence: 18 Wisdom: 10 Charisma: 10 Health: 0(22) Energy: 16(16) Def: 1 Gold: 0 Moves: 1303 Dungeon seed: uA1P-fDKgZIMTRH6 Game ID: montu_1682314613 Your Inventory: Weapons a - a blessed +1 quarterstaff (weapon in hands) Armor e - an uncursed +0 cloak of magic resistance (being worn) n - an uncursed +0 elven cloak Comestibles q - an uncursed melon z - an uncursed cream pie Scrolls j - an uncursed scroll of enchant armor l - an uncursed scroll of enchant weapon v - an uncursed scroll of enchant weapon B - an uncursed scroll of magic mapping Spellbooks A - an uncursed spellbook of knock Wands p - an uncursed wand of striking (0:7) D - an uncursed wand of fire (0:5) E - an uncursed wand of lightning (0:7) F - an uncursed wand of fire (0:5) G - an uncursed wand of fire (0:8) H - an uncursed wand of summoning (0:4) I - an uncursed wand of sleep (0:4) J - an uncursed wand of speed monster (0:4) K - an uncursed wand of nothing (0:8) L - an uncursed wand of make invisible (0:7) M - an uncursed wand of light (0:12) N - an uncursed wand of cancellation (0:4) O - an uncursed wand of digging (0:6) P - an uncursed wand of sleep (0:4) Q - an uncursed wand of locking (0:6) R - an uncursed wand of striking (0:7) Tools b - an uncursed oilskin sack h - an uncursed blindfold k - an uncursed lock pick y - an uncursed magic whistle Contents of the oilskin sack: a cursed potion of restore ability Spells and supernatural/magical abilities: Name Level Category Cost Memory a - force bolt 1 attack 8pw 98% k - knock 1 matter 12pw 98% m - magic missile 2 attack 16pw 98% z - sleep 1 enchantment 8pw 99% B - cure blindness 2 healing 25pw 98% W - pray for help -- divine ? -- Your skills at the end: Fighting Skills wands [Basic] Weapon Skills quarterstaff [Basic] Spellcasting Skills attack spells [Basic] enchantment spells [Basic] Final Attributes: You had strayed. You were magic resistant. You were protected from water. Anhur was noncommittal. You are dead. Vanquished creatures: a coyote a fox a goblin 6 sewer rats 5 grid bugs 3 lichens 6 newts 23 creatures vanquished. Voluntary challenges: You were an atheist. You used a wielded weapon 23 times, starting on turn 163. You read items or engraved 1 time, starting on turn 620. You never genocided any monsters. You never polymorphed an object. You never changed form. You used no wishes. You never split a pudding. You never wrote Elbereth's name. You violated your moral code, losing 21 points of alignment, starting on turn 1302. Dungeon overview: The Dungeons of Doom: levels 1 to 3 Level 1 a long staircase Level 2 a general store, a fountain, a vault Level 3 <- You were here a wand shop, a fountain, a sink History has recorded: On T:1 you entered the Dungeons of Doom to retrieve the Amulet of Yendor! On T:419 you reached level 2 of The Dungeons of Doom. On T:874 you advanced to experience level 2. On T:904 you reached level 3 of The Dungeons of Doom. Score breakdown: Gold: 0 ( 0 points) Experience: 2 levels ( 5570 points) Exploration: 3 levels ( 5.77%) ( 5940 points) Discoveries: 5 items ( 1.68%) ( 3885 points) Valuables value: (no points given unless you survive) Artifact value: 0 ( 0 points) Variety of kills: 7 monsters ( 1.84%) ( 4071 points) Turncount: 1303 turns ( 0 points) Survival: died (score multiplied by 80%) Total score: 15572 Latest messages: Hello montu, the human Wizard, welcome back to FIQHack! Nowhere else around here can be automatically explored. (6x) Nowhere else around here can be automatically explored. Where do you want to travel to? Y-Fenni blocks your way. "Usage fee, 77 zorkmids." Your conscience bothers you... Y-Fenni gets angry! The bolt of fire hits Y-Fenni! Y-Fenni hits! (2x) "Usage fee, 88 zorkmids." Where would you like to summon the monster? It must be a wand of summoning (unpaid, 355 zorkmids). Y-Fenni hits! You die... Y-Fenni takes all your possessions. Final status: Goodbye montu the Wizard, killed by a Ms. Y-Fenni, the shopkeeper... You died in The Dungeons of Doom on dungeon level 3 with 15572 points, and 0 pieces of gold, after 1303 moves. You were level 2 with a maximum of 22 hit points when you died.